 Dungeon Crawl Stone Soup version 0.28.0-43-g3370ac3207 (webtiles) character file.

Game seed: 9298820232686706350

93210 theElss the Tortoise (level 16, -9/107 HPs)
             Began as a Gargoyle Berserker on Mar 15, 2022.
             Was a High Priest of Trog.
             Mangled by a yaktaur captain (16 damage)
             ... while paralysed by a floating eye
             ... on level 14 of the Dungeon on Mar 16, 2022.
             The game lasted 01:27:07 (34590 turns).

theElss the Tortoise (Gargoyle Berserker)          Turns: 34590, Time: 01:27:08

Health: -9/107     AC: 38    Str: 25    XL:     16   Next: 8%
Magic:  16/16      EV:  2    Int: 10    God:    Trog [*****.]
Gold:   2478       SH:  0    Dex: 11    Spells: 15/15 levels left

rFire   + . .      SeeInvis .   r - +4 demon whip (flame)
rCold   + . .      Faith    .   Z - +0 kite shield
rNeg    + . .      Spirit   .   x - +0 plate armour
rPois   ∞          Reflect  .   L - +0 helmet
rElec   +          Harm     .   w - +0 cloak
rCorr   .          Rampage  .   n - +1 pair of gloves
Will    +++..                   B - +2 pair of boots
Stlth   ..........              M - amulet of regeneration
HPRegen 2.07/turn               t - ring of protection from fire
MPRegen 0.15/turn               V - ring of protection from cold

@: confused, paralysed, strong-willed, on berserk cooldown, flying,
regenerating, slowed
A: sickness immunity, AC +12, big wings, negative energy resistance 1,
electricity resistance, torment resistance 1, petrification resistance
a: Renounce Religion, Berserk, Trog's Hand, Brothers in Arms


You were on level 14 of the Dungeon.
You worshipped Trog.
Trog was extremely pleased with you.
You visited 3 branches of the dungeon, and saw 23 of its levels.
You also visited: Sewer.

You collected 2638 gold pieces.
You spent 160 gold pieces at shops.

Inventory:

Hand Weapons
 a - a +5 flail of freezing
 j - a +5 eveningstar of freezing
 r - a +4 demon whip of flaming (weapon)
Armour
 n - a +1 pair of gloves (worn)
 w - a +0 cloak (worn)
 x - a +0 plate armour (worn)
 B - a +2 pair of boots (worn)
 L - a +0 helmet (worn)
 Z - a +0 kite shield (worn)
Jewellery
 t - a ring of protection from fire (left hand)
 M - an amulet of regeneration (around neck)
 O - a ring of ice
 U - a ring of fire
 V - a ring of protection from cold (right hand)
Wands
 f - a wand of iceblast (33)
 q - a wand of mindburst (17)
 A - a wand of polymorph (9)
 D - a wand of charming (3)
 T - a wand of paralysis (13)
Scrolls
 b - a scroll of enchant weapon {unknown}
 e - 3 scrolls of fear
 g - 10 scrolls of teleportation
 h - 3 scrolls of immolation
 l - a scroll of brand weapon
 m - 2 scrolls of blinking
 p - 2 scrolls of fog
 s - a scroll of enchant armour
 y - 7 scrolls of magic mapping
 N - a scroll of vulnerability {unknown}
 P - a scroll of summoning {unknown}
 S - a scroll of acquirement {unknown}
 W - a scroll of torment
 Y - a scroll of holy word {unknown}
Potions
 c - 2 potions of might
 d - 9 potions of curing
 i - a potion of magic
 k - a potion of haste
 o - 6 potions of attraction
 u - 4 potions of cancellation
 H - 2 potions of ambrosia
 J - 2 potions of lignification
 K - a potion of invisibility
 X - a potion of heal wounds


   Skills:
 - Level 14.6 Fighting
 + Level 14.0 Maces & Flails
 - Level 15.0 Armour
 + Level 11.7 Dodging
 + Level 9.8 Shields
 + Level 3.5 Evocations


You had 15 spell levels left.
You didn't know any spells.
Your spell library was empty.

Dungeon Overview and Level Annotations

Branches:
Dungeon (15/15)            Temple (0/1) D:6            Lair (6/6) D:8
 Shoals (0/4) Lair:2        Snake (0/4) Lair:2        Slime (0/5) Lair:5
    Orc (2/2) D:11            Elf (0/3) Orc:2        Vaults (0/5) D:13
 Depths (0/4) D:15          Sewer (visited)

Altars:
Elyvilon
Okawaru
Trog
Uskayaw
Xom
Beogh

Shops:
D:3 ?=:   D:7 (   Orc:1 [   Orc:2 *([

Portals:
Abyss: D:14

Annotations:
D:14 2 transporters, 1 runed translucent door, Garym's ghost, journeyman MiBe
Lair:3 2 transporters, Loywebes's ghost, journeyman MiFi


Innate Abilities, Weirdness & Mutations

You are immune to sickness and miasma.
Your stone body is resilient. (AC +12)
You are immune to poison.
Your large and strong wings let you fly.
You resist negative energy. (rN+)
You are resistant to electric shocks. (rElec)
You are resistant to unholy torment.
You are immune to petrification.


Message History

The troll is heavily wounded.
You are no longer berserk.
You are exhausted.
You feel yourself slow down. The troll barely misses you. The troll claws you!
The troll claws you but does no damage.
Unknown command.
You hit the troll. You burn the troll.
The troll is severely wounded.
The jumping spider changes into a floating eye!
You barely miss the tengu warrior.
The troll changes into a komodo dragon!
The white very ugly thing barely misses you.
The tengu warrior hits you with a +0 great mace.
The tengu warrior pecks you but does no damage.
The tengu warrior claws you but does no damage.
You whack the yaktaur captain! You burn the yaktaur captain.
The yaktaur captain is moderately wounded.
The floating eye seems to glare at you. The yaktaur captain hits you!
* * * LOW HITPOINT WARNING * * *
The white very ugly thing claws you.
* * * LOW HITPOINT WARNING * * *
The white very ugly thing freezes you! You resist.
* * * LOW HITPOINT WARNING * * *
The tengu warrior hits you but does no damage.
The tengu warrior pecks you but does no damage.
The tengu warrior claws you.
* * * LOW HITPOINT WARNING * * *
You feel much better.
The yaktaur captain hits you but does no damage.
The floating eye gazes piercingly through you!
You suddenly lose the ability to move!
The white very ugly thing claws you!
* * * LOW HITPOINT WARNING * * *
The white very ugly thing freezes you! You resist.
* * * LOW HITPOINT WARNING * * *
The tengu warrior hits you with a +0 great mace!
* * * LOW HITPOINT WARNING * * *
The tengu warrior pecks you but does no damage.
The tengu warrior claws you but does no damage.
The yaktaur captain hits you!
You die... #.# #.# # #.# #.# # #########'####### #.# #(...'.......'... #.# #....)..# #.Q.....# ....$ ##.G⌠l.## ....####### #..cuQ# ....:#.... ##)†@## ....##### #...# lQt# ###'### cC#

#+### ##.....## #####
#...### ##......)## ###...#
#.....###.........###.....#
#.......#.........#.......#
+...⌠...'†...⌠....#...⌠...+
#.......#(........#^......#


You could see a white very ugly thing, a yaktaur captain, 2 tengu warriors, a
komodo dragon shaped shifter and a floating eye shaped shifter.

Vanquished Creatures
  A tengu reaver (D:14)
  A fire giant (D:14)
  2 orc warlords (Orc:2)
  An iron dragon (D:14)
  Nessos (Lair:5)
  2 fire dragons
  A yaktaur captain (D:14)
  3 boulder beetles
  5 vault guards (D:13)
  7 hydras
  2 centaur warriors
  2 two-headed ogres
  A tengu warrior (D:13)
  2 death yaks (Lair:5)
  2 orc high priests
  Urug (D:13)
  A vampire mage (D:15)
  Sonja (Orc:2)
  A fire crab (Lair:6)
  A swamp dragon (Lair:6)
  A wizard (D:14)
  A lindwurm (Lair:5)
  2 deep elf pyromancers (D:14)
  A phantasmal warrior (D:14)
  4 orc knights
  4 orc sorcerers (Orc:2)
  8 ugly things
  A wolf spider (Lair:6)
  5 manticores
  6 cyclopes
  4 elephants
  4 black mambas
  3 torpor snails
  3 gargoyles
  2 kobold demonologists (D:13)
  7 cane toads
  4 rime drakes
  7 komodo dragons
  The ghost of Arcadio the Shooter, a novice KoHu of Fedhas (D:6)
  A freezing wraith (D:14)
  A guardian mummy (D:15)
  12 trolls
  A hornet (shapeshifter) (D:14)
  10 polar bears (Lair:6)
  A hornet (D:9)
  26 blink frogs
  8 slime creatures
  21 dream sheep
  A centaur simulacrum (D:14)
  26 yaks
  2 vampires
  6 humans (D:13)
  4 wraiths
  9 wyverns
  2 fire bats (Lair:4)
  Sigmund (D:5)
  A redback (D:14)
  6 basilisks
  12 vampire mosquitoes
  3 steam dragons
  10 wargs
  3 nagas (Lair:2)
  6 acid dragons
  Duvessa (D:5)
  15 hell hounds (Lair:6)
  15 water moccasins
  A sky beast (D:6)
  4 ice beasts
  27 orc warriors
  A necrophage (D:6)
  18 black bears
  24 wolves
  8 ogres
  13 centaurs
  2 phantoms (D:5)
  2 kobold brigands (D:10)
  12 bullfrogs
  2 gnoll sergeants (D:8)
  6 scorpions
  Dowan (D:5)
  12 killer bees
  10 wights
  7 electric eels
  A howler monkey (D:11)
  A bullfrog zombie (D:6)
  6 centaur zombies
  7 jellies
  14 orc priests
  3 iguanas (Lair:6)
  26 orc wizards
  A howler monkey zombie (D:10)
  6 gnolls (D:8)
  10 adders
  7 white imps (D:6)
  2 ufetubi
  An adder zombie (D:5)
  A worm (shapeshifter) (D:14)
  3 worms
  77 orcs
  6 endoplasms
  10 giant cockroaches
  7 goblins
  9 hobgoblins
  A jackal (D:4)
  19 kobolds
  9 quokkas
  11 ball pythons
  3 bats
  10 frilled lizards
  6 rats
717 creatures vanquished.

Vanquished Creatures (collateral kills)
  A boulder beetle (D:14)
  A troll (Orc:1)
  2 slime creatures (D:14)
  2 orcs (Orc:1)
6 creatures vanquished.

Vanquished Creatures (others)
  A slime creature (D:14)
  A human (D:13)
  An iguana (Lair:6)
  3 orcs
  30 fungi
  92 plants
  A withered plant (D:15)
129 creatures vanquished.

Grand Total: 852 creatures vanquished

Notes
Turn   | Place    | Note
-------+----------+-------------------------------------------
     0 | D:1      | theElss the Gargoyle Berserker began the quest for the Orb.
     0 | D:1      | Reached XP level 1. HP: 14/14 MP: 1/1
    28 | D:1      | Found a faded altar of an unknown god.
   576 | D:1      | Reached XP level 2. HP: 18/19 MP: 2/2
  1459 | D:2      | Reached XP level 3. HP: 23/24 MP: 3/3
  1627 | D:2      | Reached ** piety under Trog
  1881 | D:2      | Reached skill level 3 in Armour
  1881 | D:2      | Reached XP level 4. HP: 26/29 MP: 4/4
  2133 | D:3      | Found Yble's Jewellery Boutique.
  2168 | D:3      | Found Ipturgh's Magic Scroll Emporium.
  2175 | D:3      | Bought a scroll of blinking for 75 gold pieces
  2715 | D:3      | Found Janty's Book Boutique.
  3076 | D:4      | Noticed an ogre
  3083 | D:4      | Killed an ogre
  3084 | D:4      | Reached XP level 5. HP: 34/34 MP: 5/5
  3173 | D:4      | Noticed a centaur
  3186 | D:4      | Killed a centaur
  3187 | D:4      | Reached XP level 6. HP: 24/39 MP: 6/6
  3401 | D:4      | Reached skill level 4 in Armour
  3549 | D:4      | Noticed a black bear
  3566 | D:3      | Killed a black bear
  3567 | D:3      | Reached skill level 5 in Fighting
  3610 | D:4      | Reached XP level 7. HP: 44/44 MP: 7/7
  4204 | D:3      | Bought a scroll of fear for 35 gold pieces
  4204 | D:3      | Bought a scroll of teleportation for 30 gold pieces
  4204 | D:3      | Bought a scroll of fog for 20 gold pieces
  4247 | D:5      | Entered Level 5 of the Dungeon
  4525 | D:5      | Reached skill level 5 in Maces & Flails
  4666 | D:5      | Reached skill level 5 in Armour
  4772 | D:5      | Noticed Sigmund
  4789 | D:5      | Killed Sigmund
  4790 | D:5      | Reached XP level 8. HP: 51/51 MP: 8/8
  5155 | D:5      | Identified the +3 hand axe of the Ancients {freeze, rElec
                  | Int+5}
  5269 | D:5      | Noticed Dowan
  5270 | D:5      | Noticed Duvessa
  5283 | D:5      | Killed Duvessa
  5305 | D:5      | Killed Dowan
  5768 | D:6      | Reached skill level 6 in Armour
  5921 | D:6      | Found a glowing drain.
  5959 | Sewer    | Entered a sewer
  6130 | Sewer    | Reached *** piety under Trog
  6315 | Sewer    | Reached XP level 9. HP: 35/56 MP: 9/9
  6632 | D:6      | Noticed Arcadio's ghost (novice KoHu)
  6724 | D:6      | Found a runed translucent gate.
  6724 | D:6      | Found a runed translucent gate.
  6724 | D:6      | Found a runed translucent gate.
  6902 | D:6      | Reached skill level 5 in Dodging
  7000 | D:6      | Found a staircase to the Ecumenical Temple.
  7652 | D:7      | Reached skill level 7 in Armour
  8305 | D:7      | Noticed a manticore
  8352 | D:7      | HP: 4/88 [manticore (4)]
  8354 | D:7      | Killed a manticore
  8654 | D:7      | Found Peoveg's Weapon Boutique.
  8896 | D:8      | Reached XP level 10. HP: 64/64 MP: 10/10
  9029 | D:8      | Reached skill level 8 in Armour
  9783 | D:8      | Found a staircase to the Lair.
 10488 | D:8      | Found a runed translucent door.
 10797 | D:9      | Reached **** piety under Trog
 11516 | D:9      | Noticed a two-headed ogre
 11528 | D:9      | Killed a two-headed ogre
 11529 | D:9      | Reached skill level 9 in Armour
 11925 | D:10     | Entered Level 10 of the Dungeon
 11940 | D:10     | Noticed a gargoyle
 11952 | D:10     | Killed a gargoyle
 12094 | D:10     | Reached skill level 1 in Shields
 12094 | D:10     | Reached XP level 11. HP: 69/71 MP: 11/11
 12273 | D:10     | Noticed a two-headed ogre
 12280 | D:10     | Killed a two-headed ogre
 12545 | D:10     | Found a hide-covered altar of Uskayaw.
 12890 | D:11     | Reached skill level 10 in Fighting
 13663 | D:11     | Found a white marble altar of Elyvilon.
 13959 | D:11     | Reached skill level 10 in Armour
 14035 | D:11     | Found a staircase to the Orcish Mines.
 14409 | D:12     | Noticed a manticore
 14429 | D:12     | Killed a manticore
 14485 | D:12     | Found a bloodstained altar of Trog.
 14598 | D:12     | Noticed a cyclops
 14613 | D:12     | Killed a cyclops
 14887 | D:12     | Reached XP level 12. HP: 68/79 MP: 12/12
 14895 | D:12     | Reached skill level 5 in Shields
 15526 | Lair:1   | Entered Level 1 of the Lair of Beasts
 15579 | Lair:1   | Noticed a four-headed hydra
 15587 | Lair:1   | Killed a four-headed hydra
 15588 | Lair:1   | Reached skill level 10 in Maces & Flails
 15966 | Lair:1   | Found a shimmering altar of Xom.
 16000 | Lair:1   | Noticed a five-headed hydra
 16006 | Lair:1   | Killed a five-headed hydra
 16087 | Lair:1   | Noticed a six-headed hydra
 16096 | Lair:1   | Killed a six-headed hydra
 16341 | Lair:1   | Reached skill level 11 in Armour
 16803 | Lair:2   | Noticed a boulder beetle
 16882 | Lair:2   | Reached ***** piety under Trog
 17125 | Lair:2   | Found a staircase to the Snake Pit.
 17463 | Lair:2   | Found a staircase to the Shoals.
 17518 | Lair:2   | Killed a boulder beetle
 18196 | Lair:3   | Reached XP level 13. HP: 65/85 MP: 13/13
 18752 | Lair:3   | Noticed Loywebes's ghost (journeyman MiFi)
 18754 | Lair:3   | Found a transporter.
 19180 | Lair:3   | Found a transporter.
 19478 | D:6      | Killed Arcadio's ghost
 19526 | D:6      | Received a gift from Trog
 20379 | Lair:4   | Found a bloodstained altar of Trog.
 21186 | Lair:5   | Found a staircase to the Slime Pits.
 21195 | Lair:5   | Reached skill level 12 in Armour
 21237 | Lair:5   | Found an iron altar of Okawaru.
 22585 | Lair:5   | Noticed Nessos
 22902 | Lair:5   | Killed Nessos
 23320 | Lair:5   | Gained mutation: Your large and strong wings let you fly.
                  | [Gargoyle growth]
 23320 | Lair:5   | Reached XP level 14. HP: 80/92 MP: 14/14
 23503 | Lair:6   | Entered Level 6 of the Lair of Beasts
 23943 | Lair:5   | Reached skill level 10 in Dodging
 24266 | Lair:6   | Reached skill level 13 in Armour
 27866 | Orc:1    | Entered Level 1 of the Orcish Mines
 28182 | Orc:2    | Entered Level 2 of the Orcish Mines
 28229 | Orc:2    | Noticed Sonja
 28237 | Orc:2    | Killed Sonja
 28398 | Orc:1    | Noticed an orc warlord
 28577 | Orc:2    | Killed an orc warlord
 28954 | Orc:2    | Received a gift from Trog
 29019 | Orc:1    | Found Tymatzoq's Antique Armour Boutique.
 29394 | Orc:2    | Paralysed by an orc sorcerer for 5 turns
 29613 | Orc:1    | Reached XP level 15. HP: 64/100 MP: 15/15
 29766 | Orc:2    | Reached skill level 14 in Armour
 30374 | Orc:2    | Noticed an orc warlord
 30409 | Orc:2    | Killed an orc warlord
 30663 | Orc:2    | Paralysed by an orc sorcerer for 6 turns
 30839 | Orc:2    | Found a staircase to the Elven Halls.
 31785 | Orc:2    | Found Wialel's Book Boutique.
 31852 | Orc:2    | Found Kyapn's Antique Armour Boutique.
 31883 | Orc:2    | Found Pimis's General Store.
 31996 | Orc:2    | Found Gadd's Antique Weapon Boutique.
 33080 | D:13     | Noticed Urug
 33088 | D:13     | Killed Urug
 33515 | D:13     | Reached skill level 1 in Evocations
 33559 | D:13     | Found a gate to the Vaults.
 33620 | D:14     | Noticed a tentacled starspawn
 33621 | D:14     | Noticed a tentacled starspawn
 33630 | D:14     | Found a transporter.
 33713 | D:14     | You are sucked into a shaft and drop 1 floor!
 33713 | D:15     | Entered Level 15 of the Dungeon
 33713 | D:15     | Found a staircase to the Depths.
 33889 | D:14     | Noticed a tengu reaver
 33909 | D:14     | Found a runed translucent door.
 33913 | D:14     | Noticed a Hell Sentinel
 33988 | D:14     | Found a one-way gate to the infinite horrors of the Abyss.
 33991 | D:14     | Found a transporter.
 33998 | D:14     | Noticed Garym's ghost (journeyman MiBe)
 34095 | D:14     | Identified the +0 robe of Qiamym {Drain +Blink rElec rF+}
 34178 | D:14     | Noticed a fire giant
 34178 | D:14     | Noticed a tengu reaver
 34189 | D:14     | Killed a tengu reaver
 34197 | D:14     | Killed a fire giant
 34336 | D:14     | Noticed an iron dragon
 34346 | D:14     | Killed an iron dragon
 34397 | D:14     | Received a gift from Trog
 34433 | D:14     | Reached XP level 16. HP: 107/107 MP: 16/16
 34457 | D:14     | Reached skill level 15 in Armour
 34590 | D:14     | Paralysed by a floating eye for 2 turns
 34590 | D:14     | Mangled by a yaktaur captain

Illustrated notes

Levels and vault maps discovered:
D:1:      dpeg_arrival_rhombus, layout_basic, chequers_ecumenical_altar_twisty
D:2:      layout_basic, serial_glass, glass_columns_b, glass_columns_a,
          glass_columns_b, glass_columns_b, glass_columns_b, glass_columns_b,
          glass_columns_a, glass_columns_c, glass_columns_c, glass_columns_a,
          glass_columns_c, glass_columns_a, glass_columns_a, glass_columns_a,
          minmay_circle_x
D:3:      layout_basic, serial_shops, nicolae_shop_advertising_works
          [nicolae_subvault_shop_adworks], shop, shop, kennysheep_another_room
D:4:      layout_rooms, minmay_diced_spiral
D:5:      layout_gridville, uniq_sigmund, uniq_duvessa
D:6:      layout_basic, minmay_temple_entry_statues_fountains,
          cheibrodos_sewer_entry_bend, gammafunk_ghost_icy
D:7:      layout_basic, serial_shops, shop, kennysheep_generic_room_9
D:8:      layout_gridville, dpeg_oklobed_lair, lightli_church_of_beogh
D:9:      layout_cave_pools
D:10:     layout_long_grid, nicolae_uskayaw_dance_studio, serial_bayou_lagoon_b
D:11:     hellmonk_destroyed_diamonds, layout_grid_maze, elyvilon_altar_1
D:12:     layout_roguey, trog_three_pillars_becter
D:13:     layout_loops_ring, ximxim_vaults_locker_room, serial_glass,
          glass_columns_b, glass_columns_c, glass_columns_c, glass_columns_a,
          glass_columns_c, glass_columns_a, glass_columns_a, glass_columns_a,
          glass_columns_a, glass_columns_a, glass_columns_a, glass_columns_b,
          glass_columns_a, glass_columns_a, uniq_urug
D:14:     layout_basic, gammafunk_ghost_abyssal_escape, st_stairs_8,
          minmay_st_funbox, nicolae_rejected_hall
D:15:     gammafunk_depths_entry_grave, layout_loops_ring, serial_shops, shop,
          nicolae_inconvenience_store, bloody_makhleb
Lair:1:   layout_regular_city, basic_altar, beast_lair_carwin_3
Lair:2:   layout_chaotic_city, minmay_shoals_entry_centaurs,
          guppyfry_snake_entry_island, chequers_serial_rivers_micro_b,
          nicolae_lair_lil_pond, serial_bayou_pond_a
Lair:3:   layout_cave_shapes, gammafunk_ghost_arena,
          chequers_serial_rivers_room_a, chequers_serial_rivers_micro_d
Lair:4:   layout_gridlike, enter_volcano_4, basic_altar
Lair:5:   layout_regular_city, minmay_slime_entry_pillars,
          portal_ice_cave_entry_pillars_2, basic_altar, guppyfry_lair_drakes,
          lemuel_fruit_tree, uniq_nessos
Lair:6:   hangedman_lair_caniforms_friends, layout_big_grid,
          guppyfry_lair_end_dragon, serial_bayou_ford_a
Orc:1:    layout_caves, serial_shops, nicolae_shop_statue_plus
Orc:2:    grunt_orc_cross, layout_caves, uniq_sonja

Skill      XL: |  1  2  3  4  5  6  7  8  9 10 11 12 13 14 15 16 |
---------------+-------------------------------------------------+-----
Dodging        | 2 3 4 5 6 7 8 9 10 11 | 11.7
Armour         | 3 4 5 6 7 9 10 11 12 13 14 15 | 15.0
Fighting       | 4 5 6 8 9 10 11 12 14 | 14.6
Maces & Flails | 4 5 6 7 8 9 10 11 13 14 | 14.0
Shields        | 1 4 7 8 9 |  9.8
Evocations     | 3 |  3.5

Action                   |  1- 3 |  4- 6 |  7- 9 | 10-12 | 13-15 | 16-18 || total
-------------------------+-------+-------+-------+-------+-------+-------++-------
Melee: Mace              |   128 |   115 |   448 |       |       |       ||   691
       Punch             |     3 |     3 |    10 |     3 |       |       ||    19
       Flail             |       |       |    46 |   739 |  1539 |       ||  2324
       Eveningstar       |       |       |       |       |   244 |       ||   244
       Demon whip        |       |       |       |       |    13 |    55 ||    68
Invok: Berserk           |       |     4 |    14 |    13 |    30 |     1 ||    62
       Trog's Hand       |       |       |     2 |     2 |     7 |     2 ||    13
       Brothers in Arms  |       |       |       |       |     2 |     1 ||     3
Evoke: Wand              |       |       |       |       |     1 |       ||     1
  Use: Scroll            |       |       |     7 |       |    17 |       ||    24
       Potion            |       |       |       |       |     2 |     1 ||     3
 Stab: Invisible         |       |       |       |       |     4 |       ||     4
Armor: Leather armour    |    12 |       |       |       |       |       ||    12
       Animal skin       |     1 |       |       |       |       |       ||     1
       Ring mail         |    51 |    56 |   235 |    22 |       |       ||   364
       Plate armour      |       |       |       |   551 |  1452 |    56 ||  2059
Dodge: Dodged            |    98 |    74 |   328 |   376 |   877 |    25 ||  1778
Block: Buckler           |       |       |       |   107 |   384 |       ||   491
       Kite shield       |       |       |       |       |   222 |    21 ||   243
